 Dungeon Crawl Stone Soup version 0.31-a0-37-g98a128e1d9 (webtiles) character file.

Game seed: 14283972981195234440

60555 lmonn the Peltast (level 14, -7/154 HPs)
             Began as a Minotaur Fighter on May 13, 2023.
             Was the Champion of Okawaru.
             Mangled by a titanic slime creature (14 damage)
             ... on level 15 of the Dungeon on May 15, 2023.
             The game lasted 01:20:29 (20460 turns).

lmonn the Peltast (Minotaur Fighter)               Turns: 20460, Time: 01:20:30

Health: -7/154     AC: 46    Str: 29    XL:     14   Next: 57%
Magic:  9/16       EV:  8    Int: 10    God:    Okawaru [******]
Gold:   1199       SH: 16    Dex: 15    Spells: 13/13 levels left

rFire   . . .        Z - +5 broad axe "Navudgh" {flame, rElec rPois rF- Int+5}
rCold   . . .        c - +1 buckler
rNeg    . . .        Y - +15 Maxwell's patent armour {-Cast -Tele rElec Will+ rCorr}
rPois   +            (helmet restricted)
rElec   +            g - +2 cloak {Will+}
rCorr   +            X - +2 pair of gloves
SInv    +            r - +2 pair of boots
Will    +++..        z - amulet of reflection Stlth
                     u - ring of Wineyf {rPois Str+4 Slay+3 SInv}
HPRegen 0.45/turn    Q - ring "Saefihov" {rF+ Dex+4 Slay+4}
MPRegen 0.15/turn

%: no teleportation, no spellcasting, reflection
@: berserking, heroic, grasped by roots, constricted, very quick
A: horns 2, retaliatory headbutt
a: Renounce Religion, Heroism, Finesse, Duel


You were on level 15 of the Dungeon.
You worshipped Okawaru.
Okawaru was exalted by your worship.
You visited 3 branches of the dungeon, and saw 21 of its levels.

You collected 1199 gold pieces.

Inventory:

Hand Weapons
 U - a +1 broad axe of draining
 Z - the +5 broad axe "Navudgh" (weapon) {flame, rElec rPois rF- Int+5}
   (Okawaru gifted it to you on level 3 of the Lair of Beasts)

   Int:       It affects your intelligence (+5).
   rF:        It makes you vulnerable to fire.
   rElec:     It insulates you from electricity.
   rPois:     It protects you from poison.
Missiles
 F - 17 boomerangs
 W - 6 javelins
Armour
 c - a +1 buckler (worn)
 g - a +2 cloak of willpower (worn)
 r - a +2 pair of boots (worn)
 y - the +3 chain mail of Okawaru's Wrath {rF+ Str+3 Dex+3}
   (Okawaru gifted it to you on level 5 of the Lair of Beasts)

   Str:       It affects your strength (+3).
   Dex:       It affects your dexterity (+3).
   rF:        It protects you from fire.
 X - a +2 pair of gloves (worn)
 Y - the +15 Maxwell's patent armour (worn) {-Cast -Tele rElec Will+ rCorr}
   (You found it on level 3 of the Lair of Beasts)

   rElec:     It insulates you from electricity.
   -Cast:     It prevents spellcasting.
   -Tele:     It prevents most forms of teleportation.
   rCorr:     It protects you from acid and corrosion.
   Will:      It increases your willpower.
Jewellery
 a - a +6 ring of intelligence
 n - a +6 ring of strength
 u - the ring of Wineyf (left hand) {rPois Str+4 Slay+3 SInv}
   (You acquired it on level 7 of the Dungeon)

   [ring of see invisible]

   Str:       It affects your strength (+4).
   Slay:      It affects your accuracy & damage with ranged weapons and melee
   (+3).
   rPois:     It protects you from poison.
   SInv:      It lets you see invisible.
 z - an amulet of reflection (around neck)
 A - a +5 ring of evasion
 G - a ring of flight
 Q - the ring "Saefihov" (right hand) {rF+ Dex+4 Slay+4}
   (You found it on level 10 of the Dungeon)

   [ring of slaying]

   Dex:       It affects your dexterity (+4).
   Slay:      It affects your accuracy & damage with ranged weapons and melee
   (+4).
   rF:        It protects you from fire.
Wands
 v - a wand of roots (12)
 w - a wand of digging (5)
 x - a wand of polymorph (19)
 D - a wand of mindburst (17)
 E - a wand of paralysis (38)
 L - a wand of acid (11)
Scrolls
 b - a scroll of poison
 e - 9 scrolls of identify
 f - 4 scrolls of noise
 h - 5 scrolls of teleportation
 m - 3 scrolls of fear
 o - 4 scrolls of blinking
 s - 2 scrolls of immolation
 t - 5 scrolls of magic mapping
 N - a scroll of enchant weapon
 O - 3 scrolls of fog
 S - 2 scrolls of silence
 T - 5 scrolls of amnesia
Potions
 d - 3 potions of might
 i - 7 potions of mutation
 j - 15 potions of curing
 k - 2 potions of degeneration
 l - 3 potions of ambrosia (quivered)
 p - 2 potions of flight
 B - 3 potions of haste
 C - a potion of lignification
 H - 3 potions of berserk rage
 I - a potion of brilliance
 J - 3 potions of resistance
 M - a potion of attraction
 P - 3 potions of invisibility
 R - 3 potions of cancellation


   Skills:
 - Level 3.7(8.7) Fighting
 - Level 18.0(23.0) Axes
 - Level 0.2(5.2) Throwing
 + Level 16.7(21.7) Armour
 + Level 18.4(23.4) Shields
 + Level 4.3 Invocations


You had 13 spell levels left.
You didn't know any spells.
Your spell library contained the following spells:

 Spells                   Type           Power      Damage    Failure   Level
 Beastly Appendage        Tmut           0%         N/A       83%         1
 Magic Dart               Conj           0%         1d3       83%         1
 Searing Ray              Conj           0%         2d4       92%         2
 Wereblood                Tmut           0%         N/A       92%         2
 Frozen Ramparts          Ice            0%         1d1       99%         3
 Hailstorm                Conj/Ice       0%         3d3       99%         3
 Spider Form              Tmut/Pois      0%         N/A       99%         3
 Fulminant Prism          Conj/Hex       0%         3d5       100%        4
 Ice Form                 Ice/Tmut       0%         N/A       100%        4
 Manifold Assault         Tloc           0%         N/A       100%        4
 Borgnjor's Vile Clutch   Necr/Erth      0%         N/A       100%        5
 Dispersal                Tloc           0%         N/A       100%        6
 Eringya's Noxious Bog    Tmut/Pois      0%         N/A       100%        6
 Disjunction              Tloc           0%         N/A       100%        8
 Animate Dead             Necr           Unusable   N/A       N/A         4
 Summon Ice Beast         Ice/Summ       Unusable   N/A       N/A         4
 Summon Forest            Summ/Tloc      Unusable   N/A       N/A         5
 Death Channel            Necr           Unusable   N/A       N/A         6
 Simulacrum               Ice/Necr       Unusable   N/A       N/A         6
 Summon Hydra             Summ           Unusable   N/A       N/A         7

Dungeon Overview and Level Annotations

Branches:
Dungeon (15/15)            Temple (1/1) D:5            Lair (5/5) D:11
 Shoals (0/4) Lair:2        Snake (0/4) Lair:3        Slime (0/5) Lair:5
    Orc (0/2) D:11         Vaults (0/5) D:13
 Depths: D:15

Altars:
Ashenzari
Dithmenos
Elyvilon
Fedhas
Gozag
Hepliaklqana
Kikubaaqudgha
Makhleb
Nemelex Xobeh
Okawaru
Qazlal
Ru
Sif Muna
Trog
Uskayaw
Vehumet
Xom
Yredelemnul
Zin
The Shining One

Shops:
D:1 =

Portals:
Abyss: D:13

Annotations:
D:3 2 runed translucent doors, PostNTower's ghost, amateur OpTm
D:9 3 runed translucent doors, Rye's ghost, novice HuFi; kae's ghost, novice DrTm
D:13 2 transporters, Veshocuh's ghost, journeyman DgHW
D:15 Jorgrun; Louise
Lair:3 2 transporters, exclusion: 2 ice statues, bmj180's ghost, journeyman MfIE
Lair:5 3 runed translucent doors


Innate Abilities, Weirdness & Mutations

You have a pair of horns on your head.
You reflexively headbutt those who attack you in melee.


Message History

You slice the titanic slime creature!! You burn the titanic slime creature!
You hit Jorgrun but do no damage. Your headbutt misses Jorgrun.
Jorgrun is lightly wounded.
You slash the fire elemental! You slash the dire elephant!
You burn the dire elephant. You slash the titanic slime creature!
You burn the titanic slime creature. You block the fire elemental's attack.
You block the salamander's attack.
The dire elephant tramples you but does no damage.
The dire elephant trunk-slaps you but does no damage.
The grasping roots release their grip on you.
You barely miss Jorgrun. You headbutt Jorgrun!
Jorgrun is moderately wounded.
You slash the titanic slime creature! You burn the titanic slime creature.
You slash the fire elemental! You slice the dire elephant!!
You burn the dire elephant.
You kill the dire elephant!
Okawaru accepts your kill.
Unknown command.
A red film seems to cover your vision as you go berserk!
Your finesse ends abruptly.
You feel yourself moving faster!
You feel mighty! You block the fire elemental's attack.
Jorgrun gestures at you while chanting.
Roots burst forth from the earth!
The grasping roots grab you! The grasping roots constrict you!
The titanic slime creature hits you!!!
* * * LOW HITPOINT WARNING * * *
You block the salamander's attack.
The deep elf pyromancer mumbles some strange words.
The deep elf pyromancer blinks!
You hear a roar!
You closely miss Jorgrun. You headbutt Jorgrun!
Jorgrun is heavily wounded.
You hack one of the four-headed hydra's heads off!
The flame cauterises the wound!
You slice the three-headed hydra!! You burn the three-headed hydra!
You slice the titanic slime creature!! You burn the titanic slime creature.
You slash the fire elemental!
You destroy the fire elemental!
The fire elemental disappears in a puff of smoke!
The titanic slime creature hits you!
You die...

#..##....#
#........#.## ...
#........#.. ....
#.....####.. ....?
#.....#^##.##.)...
#.....#.##.##.....
#..##.#.##..°..§<.
#.....#...§○...###
#.....#..@D......#
#.....#..gJ......#
#.#...'.##.N...#.####
#...(.#.##.@........$
#.....#........≈.#.≈.
#.....#..........#
#.....#.........##
#.....#.##.......#
#.#...#.##.....≈§..


You could see Jorgrun, Louise, a three-headed hydra, a salamander and a titanic
slime creature.

Vanquished Creatures
  A dire elephant (D:15)
  Josephine (Lair:3)
  A rakshasa (D:15)
  3 hydras
  4 centaur warriors
  A death knight (D:13)
  2 boulder beetles
  2 two-headed ogres (D:13)
  2 catoblepae
  3 skysharks
  A lindwurm (Lair:5)
  A deep elf pyromancer (D:12)
  4 cyclopes
  10 ugly things (D:14)
  10 elephants
  A black mamba (Lair:5)
  2 molten gargoyles (Lair:5)
  A torpor snail (shapeshifter) (D:13)
  12 cane toads
  2 rime drakes
  3 freezing wraiths (D:13)
  2 efreet (D:13)
  16 komodo dragons
  6 trolls
  4 polar bears
  A hornet (D:9)
  A polar bear (shapeshifter) (D:13)
  21 blink frogs
  5 slime creatures
  A jumping spider (shapeshifter) (D:13)
  A centaur simulacrum (D:11)
  8 wraiths
  41 yaks
  6 wyverns
  A golden eye (shapeshifter) (D:14)
  4 basilisks
  3 steam dragons
  14 vampire mosquitoes
  2 nagas (Lair:3)
  2 acid dragons (D:11)
  11 water moccasins
  Duvessa (D:6)
  4 hell hounds (Lair:5)
  2 sky beasts (D:8)
  2 ice beasts
  3 orc warriors
  A meliai simulacrum (D:15)
  2 black bears (D:11)
  3 ogres (D:5)
  15 centaurs
  20 wolves
  A phantom (D:5)
  4 kobold brigands
  16 bullfrogs
  A gnoll sergeant (D:11)
  3 scorpions (D:5)
  14 wights
  Dowan (D:6)
  17 killer bees
  6 howler monkeys
  4 lava snakes (Lair:5)
  4 hounds
  A jelly (D:6)
  2 orc priests
  A sleepcap (D:5)
  6 iguanas
  Natasha (thrice) (D:3)
  6 orc wizards
  10 hell rats
  Robin (D:2)
  12 gnolls
  8 adders
  A shadow imp (D:6)
  3 white imps
  An ufetubus (D:5)
  25 orcs
  9 ball pythons
  8 endoplasms
  3 giant cockroaches
  15 goblins
  10 hobgoblins
  6 quokkas
  8 bats
  2 frilled lizards (D:1)
  19 kobolds
  7 rats
  2 butterflies (Lair:3)
510 creatures vanquished.

Notes
Turn   | Place    | Note
-------+----------+-------------------------------------------
     0 | D:1      | lmonn the Minotaur Fighter began the quest for the Orb.
     0 | D:1      | Reached XP level 1. HP: 19/19 MP: 0/0
   160 | D:1      | Found a faded altar of an unknown god.
   248 | D:1      | Found Affeeq's Jewellery Boutique.
   372 | D:1      | Reached XP level 2. HP: 27/27 MP: 1/1
   926 | D:2      | Reached XP level 3. HP: 33/33 MP: 2/2
  1024 | D:2      | Noticed Robin
  1032 | D:2      | Killed Robin
  1090 | D:2      | Reached XP level 4. HP: 37/40 MP: 3/3
  1512 | D:2      | Found a stormy altar of Qazlal.
  1616 | D:2      | Identified a scroll of acquirement
  1616 | D:2      | Acquired a +1 cloak of willpower
  1682 | D:3      | Reached skill level 5 in Armour
  1760 | D:3      | Noticed Natasha
  1771 | D:3      | Killed Natasha
  1772 | D:3      | Reached XP level 5. HP: 18/46 MP: 4/4
  1938 | D:3      | Found a large runed translucent door.
  1938 | D:3      | Found a large runed translucent door.
  1941 | D:3      | Noticed PostNTower's ghost (amateur OpTm)
  2016 | D:3      | Reached skill level 5 in Axes
  2241 | D:3      | Noticed Natasha
  2247 | D:3      | Killed Natasha
  2248 | D:3      | Reached XP level 6. HP: 44/52 MP: 5/5
  2460 | D:3      | Noticed Natasha
  2468 | D:3      | Killed Natasha
  3226 | D:4      | Reached XP level 7. HP: 58/58 MP: 6/6
  3241 | D:4      | Reached skill level 5 in Shields
  3362 | D:4      | Found a basalt altar of Yredelemnul.
  3362 | D:4      | Found a shadowy altar of Dithmenos.
  3992 | D:5      | Entered Level 5 of the Dungeon
  4498 | D:5      | Reached XP level 8. HP: 66/66 MP: 7/7
  4500 | D:5      | Found a radiant altar of Vehumet.
  4683 | D:5      | Found a staircase to the Ecumenical Temple.
  4689 | Temple   | Entered the Ecumenical Temple
  4740 | Temple   | Became a worshipper of Warmaster Okawaru
  5211 | D:6      | Noticed Duvessa
  5213 | D:6      | Noticed Dowan
  5220 | D:6      | Killed Duvessa
  5231 | D:6      | Killed Dowan
  5232 | D:6      | Reached skill level 10 in Axes
  5251 | D:6      | Found a shimmering altar of Xom.
  5387 | D:6      | Found a broken altar of Ashenzari.
  5387 | D:6      | Found a glowing golden altar of the Shining One.
  5433 | D:6      | Reached * piety under Okawaru
  5984 | D:7      | Reached XP level 9. HP: 65/71 MP: 6/8
  6779 | D:7      | Acquired the ring of Wineyf {rPois Str+4 Slay+3 SInv}
  6993 | D:8      | Reached ** piety under Okawaru
  8395 | D:9      | Reached XP level 10. HP: 75/77 MP: 9/9
  8660 | D:9      | Reached *** piety under Okawaru
  8926 | D:9      | Found a runed translucent gate.
  8927 | D:9      | Found a runed translucent gate.
  8927 | D:9      | Found a runed translucent gate.
  8928 | D:9      | Noticed kae's ghost (novice DrTm)
  8928 | D:9      | Noticed Rye's ghost (novice HuFi)
  8943 | D:10     | Entered Level 10 of the Dungeon
  9099 | D:10     | Received a gift from Okawaru
  9100 | D:10     | Reached skill level 1 in Invocations
  9241 | D:10     | Reached **** piety under Okawaru
  9277 | D:10     | Found a flagged portal.
  9354 | D:10     | Reached skill level 10 in Armour
  9527 | D:10     | Identified the ring "Saefihov" {rF+ Dex+4 Slay+4}
  9613 | D:10     | Reached skill level 10 in Shields
  9876 | D:11     | Reached XP level 11. HP: 79/83 MP: 10/10
 10055 | D:11     | Found a staircase to the Orcish Mines.
 10090 | D:11     | Reached ***** piety under Okawaru
 10091 | D:11     | Reached skill level 15 in Axes
 10321 | D:11     | Identified the +3 dagger of Xaecey {spect, Drain +Blink
                  | rElec Str+6}
 10660 | D:11     | Found a staircase to the Lair.
 10980 | Lair:1   | Entered Level 1 of the Lair of Beasts
 11287 | Lair:1   | HP: 4/83 [poisoned by a cane toad]
 11733 | Lair:1   | Acquired a +0 broad axe of draining
 12382 | Lair:2   | Received a gift from Okawaru
 12569 | Lair:2   | Reached XP level 12. HP: 78/91 MP: 8/12
 12575 | Lair:2   | Received a gift from Okawaru
 12617 | Lair:2   | Found a staircase to the Shoals.
 13013 | Lair:2   | Noticed a six-headed hydra
 13020 | Lair:2   | Killed an 11-headed hydra
 13020 | Lair:2   | Reached ****** piety under Okawaru
 13167 | Lair:2   | Noticed a catoblepas
 13179 | Lair:2   | Killed a catoblepas
 13403 | Lair:3   | Found a staircase to the Snake Pit.
 13434 | Lair:3   | Found the +15 Maxwell's patent armour {-Cast -Tele rElec
                  | Will+ rCorr}
 13504 | Lair:3   | Noticed an eight-headed hydra
 13513 | Lair:3   | Killed a 13-headed hydra
 13623 | Lair:3   | Received a gift from Okawaru
 13668 | Lair:3   | Found a transporter.
 13674 | Lair:3   | Noticed bmj180's ghost (journeyman MfIE)
 13764 | Lair:3   | Found a transporter.
 13851 | Lair:3   | Identified the +5 broad axe "Navudgh" {flame, rElec rPois
                  | rF- Int+5} (Okawaru gifted it to you on level 3 of the Lair
                  | of Beasts)
 13851 | Lair:3   | Received a gift from Okawaru
 14269 | Lair:3   | Noticed Josephine
 14280 | Lair:3   | Killed Josephine
 14281 | Lair:3   | Reached XP level 13. HP: 96/96 MP: 13/13
 15603 | Lair:5   | Entered Level 5 of the Lair of Beasts
 15650 | Lair:5   | Identified the +3 chain mail of Okawaru's Wrath {rF+ Str+3
                  | Dex+3} (Okawaru gifted it to you on level 5 of the Lair of
                  | Beasts)
 15650 | Lair:5   | Received a gift from Okawaru
 15660 | Lair:5   | Reached skill level 15 in Shields
 16293 | Lair:5   | Found a runed translucent door.
 16294 | Lair:5   | Found a staircase to the Slime Pits.
 16294 | Lair:5   | Noticed an acid blob
 16294 | Lair:5   | Noticed an acid blob
 16477 | Lair:5   | Found a large runed translucent door.
 16478 | Lair:5   | Found a large runed translucent door.
 16479 | Lair:5   | Noticed a fire dragon
 16726 | Lair:5   | Reached skill level 15 in Armour
 17789 | D:12     | Received a gift from Okawaru
 17817 | D:12     | Found a shimmering altar of Xom.
 17818 | D:12     | Found a shimmering altar of Xom.
 17819 | D:12     | Found a shimmering altar of Xom.
 18081 | D:12     | Reached XP level 14. HP: 101/103 MP: 15/15
 18450 | D:13     | a spark wasp changed into a broodmother
 18450 | D:13     | Noticed a broodmother (glowing shapeshifter)
 18457 | D:13     | a broodmother changed into a shining eye
 18642 | D:13     | Found a gate to the Vaults.
 18737 | D:13     | Found a transporter.
 19175 | D:13     | Noticed Veshocuh's ghost (journeyman DgHW)
 19181 | D:13     | Found a one-way gate to the infinite horrors of the Abyss.
 19206 | D:13     | Found a transporter.
 19286 | D:13     | Found a stormy altar of Qazlal.
 19596 | D:14     | Received a gift from Okawaru
 19637 | D:14     | Upgraded the game from 0.31-a0-23-gcbde74481b to
                  | 0.31-a0-37-g98a128e1d9
 19910 | D:14     | Found a blossoming altar of Fedhas.
 20196 | D:15     | Entered Level 15 of the Dungeon
 20431 | D:15     | Noticed Jorgrun
 20434 | D:15     | Noticed Louise
 20459 | D:15     | HP: 6/154 [titanic slime creature (52)]
 20460 | D:15     | Mangled by a titanic slime creature

Illustrated notes

Levels and vault maps discovered:
D:1:      heliophobic_arrival_glass_houses, layout_loops_ring, serial_shops,
          nicolae_shop_tiny_waterfront, shapermc_ecumenical_altar_acropolis,
          chequers_serial_rivers_small_3
D:2:      layout_loops_ring, basic_altar, minmay_misc_feat_doors, uniq_robin
D:3:      layout_basic, ebering_ghost_disaster_area, cheibrodos_gnoll_hut,
          uniq_crazy_yiuf_cottage, uniq_natasha
D:4:      cheibrodos_thug_alley, layout_layer_cave,
          nicolae_overflow_two_pavilions
D:5:      layout_cave_pools, mainiacjoe_overflow_chevrons,
          minmay_temple_entry_hall, serial_column_ruins,
          column_ruins_open_small, column_ruins_open_small_water,
          column_ruins_columns_dead_end, column_ruins_corridor_straight,
          column_ruins_columns_straight, column_ruins_columns_water,
          column_ruins_open_tiny, grunt_ministairs_2, grunt_decor_mini_mirrors
D:6:      layout_loops_cross, gammafunk_temple_overflow_statue,
          mainiacjoe_overflow_brackets, uniq_duvessa
D:7:      layout_basic
D:8:      layout_cave_pools
D:9:      layout_loops_ring, gammafunk_ghost_cemetery
D:10:     layout_roguey, enter_bailey_5
D:11:     layout_loops_ring, grunt_lair_entry_orc_guard_hut, orc_0_dummy
D:12:     layout_loops_ring, xom_shifter_show
D:13:     layout_cross, david_vaults_2, gammafunk_ghost_abyssal_escape,
          nicolae_qazlal_eye_of_the_storm
D:14:     layout_loops_ring, kennysheep_nub, fedhas_altar_3
D:15:     hangedman_depths_entry_try_elsewhere_first, layout_stronghold,
          chequers_serial_rivers_micro_c, uniq_roxanne, uniq_louise,
          uniq_jorgrun
Temple:   nicolae_temple_bog_church
Lair:1:   layout_small_grid, grunt_megastairs_4, lemuel_fruit_tree
Lair:2:   layout_roguey, minmay_shoals_entry_centaurs
Lair:3:   layout_roguey, guppyfry_snake_entry_garden, nzn_ghost_randoct,
          dreamdust_deal_with_the_devil, lemuel_fruit_fields, uniq_josephine
Lair:4:   layout_cave_pods, minivault_26, grunt_megastairs_5
Lair:5:   cheibrodos_lair_end_hotspot, layout_cave_pods, slime_entry_2

Skill      XL: |  1  2  3  4  5  6  7  8  9 10 11 12 13 14 |
---------------+-------------------------------------------+-----
Armour         | 4 5 6 7 9 10 11 13 15 16 | 16.7
Shields        | 4 5 6 8 10 11 14 16 18 | 18.4
Axes           | 3 4 5 6 8 10 13 14 17 18 | 18.0
Invocations    | 1 2 3 4 |  4.3
Fighting       | |  3.7
Throwing       | |  0.2

Action                     |  1- 3 |  4- 6 |  7- 9 | 10-12 | 13-15 || total
---------------------------+-------+-------+-------+-------+-------++-------
  Melee: War axe           |    90 |   148 |   254 |   253 |       ||   745
         Headbutt          |    11 |    20 |    47 |   103 |   103 ||   284
         Broad axe         |       |       |       |   200 |   359 ||   559
  Throw: Boomerang         |       |       |       |     5 |       ||     5
 Invoke: Heroism           |       |       |     4 |     7 |     5 ||    16
         Finesse           |       |       |       |       |     4 ||     4
    Use: Scroll            |       |    11 |    14 |     7 |     5 ||    37
         Potion            |       |       |     2 |     2 |     4 ||     8
 Armour: Scale mail        |    39 |    72 |    53 |       |       ||   164
         Chain mail        |       |       |    57 |    25 |       ||    82
         Plate armour      |       |       |       |   193 |   215 ||   408
  Dodge: Dodged            |    41 |    68 |    85 |   137 |   113 ||   444
  Block: Buckler           |    15 |    36 |   115 |   248 |   237 ||   651
         Reflection        |       |       |     8 |    21 |    17 ||    46

Table legend: (Time is in decaauts)
 A = Elapsed time spent in this place.
 B = Non-inter-level travel time spent in this place.
 C = Inter-level travel time spent in this place.
 D = Time resting spent in this place.
 E = Time spent auto-exploring this place.
 F = Levels seen in this place.
 G = Mean time per level.
                   A        B        C        D        E       F      G
               +--------+--------+--------+--------+--------+-----+--------+
         Total |  20341 |  20203 |    138 |   3537 |  10445 |  21 |  968.6 |
       Dungeon |  13701 |  13700 |      1 |   2723 |   6654 |  15 |  913.4 |
        Temple |     86 |     86 |      0 |      0 |      0 |   1 |   86.0 |
          Lair |   6554 |   6417 |    137 |    814 |   3790 |   5 | 1310.8 |
               +--------+--------+--------+--------+--------+-----+--------+

Top non-repeatable levels by time:
  Lair:5: 1903 daAuts
     D:9: 1507 daAuts
     D:4: 1426 daAuts
  Lair:1: 1404 daAuts
  Lair:3: 1208 daAuts
    D:11: 1197 daAuts
     D:7: 1098 daAuts
     D:5: 1031 daAuts
  Lair:2: 1029 daAuts
    D:13: 1014 daAuts
  Lair:4: 1008 daAuts
     D:3: 973 daAuts
     D:2: 887 daAuts
    D:10: 856 daAuts
     D:1: 793 daAuts
